 Dungeon Crawl Stone Soup version 0.27-a0-1060-gcb85b5eba1 (webtiles) character file.

Game seed: 16849511554933357183

92 sizableburger the Chucker (level 4, -5/35 HPs)
             Began as a Mummy Hunter on Apr 22, 2021.
             Slain by Natasha (9 damage)
             ... on level 2 of the Dungeon.
             The game lasted 00:02:49 (1300 turns).

sizableburger the Chucker (Mummy Hunter)            Turns: 1300, Time: 00:02:49

Health: -5/35      AC:  3    Str: 16    XL:     4   Next: 35%
Magic:  4/4        EV: 11    Int: 10    God:
Gold:   46         SH:  0    Dex: 12    Spells: 3/3 levels left

rFire    x . .     SeeInvis .   f - +0 quarterstaff
rCold    + . .     Faith    .   (shield currently unavailable)
rNeg     + + +     Spirit   .   b - +0 leather armour
rPois    ∞         Reflect  .   (no helmet)
rElec    .         Harm     .   (no cloak)
rCorr    .         Rampage  .   (no gloves)
Will     .....                  (no boots)
Stlth    +.........             (no amulet)
HPRegen  0.11/turn              (no ring)
MPRegen  0.09/turn              (no ring)

@: no status effects
A: cold resistance 1, negative energy resistance 3, torment resistance 2,
unbreathing 1, heat vulnerability 1, no potions
a: no special abilities


You were on level 2 of the Dungeon.
You visited 1 branch of the dungeon, and saw 2 of its levels.

You collected 46 gold pieces.

Inventory:

Hand Weapons
 a - a +0 short sword
 f - a +0 quarterstaff (weapon)
Missiles
 c - a javelin (quivered)
Armour
 b - a +0 leather armour (worn)
Scrolls
 e - a scroll of teleportation {unknown}
 g - a scroll of amnesia {unknown}
 h - a scroll of identify {unknown}


   Skills:
 + Level 3.1 Fighting
 - Level 0.7 Short Blades
 + Level 1.3 Staves
 + Level 3.8 Throwing
 - Level 1.5 Dodging
 - Level 0.7 Stealth


You had 3 spell levels left.
You didn't know any spells.
Your spell library was empty.

Dungeon Overview and Level Annotations

Branches:
Dungeon (2/15)

Altars:

Annotations:
D:2 Natasha


Innate Abilities, Weirdness & Mutations

You are immune to poison.
Your flesh is cold resistant. (rC+)
You are immune to negative energy. (rN+++)
You are immune to unholy pain and torment.
You can survive without breathing.
You are vulnerable to heat. (rF-)
You do not drink.


Message History

d - 2 throwing nets (gained 1)
c - 5 javelins You start resting.
Natasha, Servant of Life and Death comes into view.
Throw: 2 throwing nets
Press: ? - help, Q - select action, (/) - cycle Shift-Dir - straight line, f - Natasha
Aim: Natasha (51% to hit)
You throw a throwing net.
The throwing net closely misses Natasha.
Throw: throwing net
Press: ? - help, Q - select action, (/) - cycle Shift-Dir - straight line, f/p - Natasha
Aim: Natasha (51% to hit)
You throw a throwing net. The throwing net misses Natasha.
Unknown command.
Throw: 5 javelins
Press: ? - help, Q - select action Shift-Dir - straight line, f/p - Natasha
Aim: Natasha (51% to hit)
You throw a javelin. The javelin barely misses Natasha.
Natasha growls.
Unknown command.
Throw: 4 javelins
Press: ? - help, Q - select action Shift-Dir - straight line, f/p - Natasha
Aim: Natasha (51% to hit)
You throw a javelin. The javelin barely misses Natasha.
Natasha casts a spell.
Unknown command.
Throw: 3 javelins
Press: ? - help, Q - select action Shift-Dir - straight line, f/p - Natasha
Aim: Natasha (51% to hit)
You throw a javelin. The javelin closely misses Natasha.
The javelin pierces through the crimson imp but does no damage.
Unknown command.
Throw: 2 javelins
Press: ? - help, Q - select action Shift-Dir - straight line, f/p - Natasha
Aim: Natasha (51% to hit)
You throw a javelin. The javelin closely misses Natasha.
The javelin pierces through the crimson imp!
The crimson imp is almost dead.
Natasha barely misses you.
The crimson imp blinks!
Natasha claws you!
You die...

..##.#..........
.......(((......
#........#
#......#.#
#)§....#..
#......##.###
#......+ ...
#.h....# #.##
#.@.5..###..##
#####........#
#..........#
+..........##
#...........#
#.........†.#
#...........##
##..........†.#
#...........#†#


You could see Natasha and a crimson imp (summoned).

Vanquished Creatures
  Natasha (twice) (D:2)
  An adder (D:2)
  2 worms (D:2)
  3 ball pythons
  4 bats
  6 endoplasms
  A hobgoblin (D:1)
  2 quokkas
  2 frilled lizards (D:1)
  4 kobolds
  3 rats (D:1)
30 creatures vanquished.

Notes
Turn   | Place    | Note
-------+----------+-------------------------------------------
     0 | D:1      | sizableburger the Mummy Hunter began the quest for the Orb.
     0 | D:1      | Reached XP level 1. HP: 16/16 MP: 1/1
   315 | D:1      | Reached XP level 2. HP: 22/22 MP: 2/2
   978 | D:2      | Found a faded altar of an unknown god.
  1045 | D:2      | Reached XP level 3. HP: 26/28 MP: 3/3
  1245 | D:2      | Noticed Natasha
  1252 | D:2      | Killed Natasha
  1253 | D:2      | Reached skill level 1 in Staves
  1253 | D:2      | Reached XP level 4. HP: 29/34 MP: 4/4
  1257 | D:2      | Noticed Natasha
  1274 | D:2      | HP: 1/34 [Natasha/magic dart (3)]
  1277 | D:2      | Killed Natasha
  1294 | D:2      | Noticed Natasha
  1300 | D:2      | Slain by Natasha

Illustrated notes

Levels and vault maps discovered:
D:1:      dpeg_arrival_concentric_ovals, layout_rooms
D:2:      layout_basic, hellmonk_ecumenical_altar_pennies_from_heaven,
          hex_intersection, kennysheep_donut, uniq_natasha,
          uniq_crazy_yiuf_cottage

Skill      XL: |  1  2  3  4 |
---------------+-------------+-----
Staves         | 1 |  1.3
Fighting       | 3 |  3.1
Short Blades   | |  0.7
Throwing       | |  3.8
Dodging        | |  1.5
Stealth        | |  0.7

Action                   |  1- 3 |  4- 6 || total
-------------------------+-------+-------++-------
Melee: Short sword       |    22 |       ||    22
       Quarterstaff      |    47 |     6 ||    53
Throw: Javelin           |    14 |     9 ||    23
       Throwing net      |     2 |     3 ||     5
Armor: Leather armour    |    37 |     1 ||    38
Dodge: Dodged            |    65 |     9 ||    74

Table legend: (Time is in decaauts)
 A = Elapsed time spent in this place.
 B = Non-inter-level travel time spent in this place.
 C = Inter-level travel time spent in this place.
 D = Time resting spent in this place.
 E = Time spent auto-exploring this place.
 F = Levels seen in this place.
 G = Mean time per level.
                   A        B        C        D        E       F      G
               +--------+--------+--------+--------+--------+-----+--------+
         Total |   1331 |   1302 |     29 |    571 |    460 |   2 |  665.5 |
       Dungeon |   1331 |   1302 |     29 |    571 |    460 |   2 |  665.5 |
               +--------+--------+--------+--------+--------+-----+--------+

Top non-repeatable levels by time:
     D:1: 991 daAuts
     D:2: 340 daAuts
